Map: [ESL] Solaris

Players

Solar - Winner!

  • Race: Zerg Zerg
  • Spawn Location: 7:00

Clem

  • Race: Terran Terran
  • Spawn Location: 1:00

Event: IEM Katowice 2024

VOD

Have the link to the VOD?

Description

Time

  • Played on: Feb. 10, 2024, 11:06 a.m.
  • Length: 18:28

All games in this series

Show
View Real Time Build Order
Export as new Build Order

Solar Zerg - Winner!

Build Orders: Hatch First, Lurkers 

Get SALT Encoding   

  12  0:00  Drone  
  13  0:12  Overlord  
  13  0:17  Drone  
  14  0:31  Drone x2  
  16  0:47  Hatchery  
  15  0:51  Drone  
  15  0:54  Drone  
  18  0:57  Drone  
  18  1:08  Extractor  
  17  1:13  Spawning Pool  
  17  1:15  Drone  
  17  1:18  Drone  
  18  1:28  Drone  
  19  1:38  Drone  
  20  1:56  Drone  
  20  2:00  Queen x2  
  20  2:01  Zergling x4  
  27  2:10  Zergling x2  
  27  2:14  Overlord  
  28  2:20  Hatchery  
  27  2:23  Drone  
  27  2:33  Drone  
  27  2:36  Queen  
  30  2:39  Drone  
  30  2:42  Overlord  
  31  2:45  Drone  
  31  2:47  Drone  
  33  2:52  Metabolic Boost  
  33  2:56  Drone x2  
  35  3:04  Drone x2  
  37  3:08  Drone x2  
  37  3:09  Drone  
  40  3:14  Queen  
  40  3:18  Overlord  
  42  3:20  Drone  
  43  3:31  Queen  
  43  3:33  Queen  
  47  3:36  Drone x2  
  50  3:45  Overlord  
  50  3:46  Drone  
  50  3:47  Drone x3  
  54  3:48  Drone  
  54  3:50  Drone  
  54  3:51  Drone x2  
  54  3:55  Overlord  
  57  4:04  Drone  
  57  4:06  Drone  
  57  4:07  Drone x2, Queen  
  57  4:08  Drone  
  64  4:13  Zergling x2  
  65  4:19  Zergling x10  
  65  4:21  Queen  
  71  4:26  Overlord  
  71  4:28  Drone  
  71  4:33  Drone  
  71  4:38  Drone x2  
  74  4:41  Overlord  
  74  4:42  Spore Crawler  
  74  4:43  Lair  
  73  4:49  Drone  
  73  4:50  Drone, Spore Crawler  
  74  4:53  Overlord  
  74  4:56  Spore Crawler  
  74  4:58  Drone  
  74  4:59  Queen  
  76  5:01  Drone x6  
  76  5:03  Extractor x2  
  76  5:05  Zergling x4  
  82  5:12  Drone  
  83  5:14  Baneling Nest  
  83  5:15  Zergling x6  
  83  5:16  Drone x2  
  87  5:22  Drone  
  87  5:24  Drone  
  87  5:27  Drone  
  90  5:30  Overlord x2  
  90  5:34  Extractor  
  89  5:37  Extractor  
  89  5:39  Drone, Evolution Chamber  
  89  5:40  Drone x2  
  89  5:41  Overseer, Evolution Chamber  
  89  5:42  Overlord  
  89  5:44  Overlord x2  
  89  5:45  Overseer  
  89  5:46  Drone, Hatchery  
  89  5:53  Drone x2  
  89  5:54  Drone x4  
  95  5:58  Drone  
  96  6:05  Centrifugal Hooks  
  96  6:07  Drone  
  96  6:08  Drone  
  96  6:09  Drone  
  96  6:11  Zergling x10  
  103  6:13  Drone  
  103  6:14  Drone x3  
  106  6:19  Overlord  
  106  6:21  Zerg Melee Weapons Level 1, Zerg Ground Armor Level 1  
  106  6:23  Drone x2  
  108  6:29  Hydralisk Den  
  108  6:30  Zergling x4  
  109  6:33  Zergling x2  
  110  6:43  Zergling x16  
  110  6:46  Baneling x11  
  118  6:47  Baneling  
  118  6:48  Drone  
  118  6:53  Drone x2  
  121  6:55  Extractor  
  121  6:58  Overlord  
  121  6:59  Queen  
  122  7:03  Zergling x12, Grooved Spines  
  128  7:08  Overlord  
  128  7:09  Baneling  
  128  7:10  Zergling x10  
  128  7:14  Zergling x8  
  137  7:17  Hatchery  
  137  7:19  Overlord  
  137  7:21  Overlord  
  135  7:24  Overlord  
  135  7:27  Overlord  
  126  7:39  Zergling x22  
  133  7:48  Zergling x12  
  136  7:54  Pneumatized Carapace  
  136  7:56  Hydralisk x4  
  139  7:59  Drone  
  139  8:00  Drone x2  
  139  8:01  Baneling x8  
  139  8:03  Extractor, Hydralisk x4  
  139  8:05  Infestation Pit, Muscular Augments  
  149  8:06  Drone x2  
  149  8:11  Baneling x2  
  149  8:12  Drone  
  151  8:15  Hydralisk x2, Baneling x3  
  151  8:19  Overlord  
  155  8:22  Zergling x2, Zerg Ground Armor Level 2  
  155  8:25  Zergling x12  
  161  8:29  Zerg Melee Weapons Level 2  
  161  8:30  Drone x5  
  161  8:34  Drone x2, Overlord  
  168  8:35  Drone  
  168  8:37  Overseer  
  168  8:39  Drone  
  168  8:40  Drone x2  
  172  8:41  Hydralisk  
  166  8:50  Hydralisk x5  
  166  8:52  Zergling x2  
  173  9:00  Zergling x14  
  179  9:06  Hive  
  179  9:07  Lurker Den  
  179  9:09  Drone x2  
  180  9:16  Overlord x2  
  180  9:17  Extractor, Overlord  
  180  9:18  Spore Crawler  
  180  9:21  Drone x3  
  181  9:25  Zergling x2, Spore Crawler  
  181  9:26  Zergling x2  
  181  9:30  Hatchery  
  181  9:34  Zergling x2  
  181  9:35  Overlord  
  181  9:36  Baneling x5  
  181  9:37  Zergling x26  
  195  9:42  Baneling x3  
  195  9:43  Zergling x10, Baneling  
  200  9:45  Baneling  
  200  9:46  Baneling x3  
  200  9:52  Zergling x16  
  191  9:58  Zergling x2  
  191  9:59  Zergling x10  
  197  10:03  Zergling x2  
  197  10:04  Zergling x2  
  199  10:17  Overseer  
  191  10:23  Zergling x20  
  191  10:26  Viper x2  
  200  10:31  Queen  
  200  10:33  Adrenal Glands, Seismic Spines  
  195  10:38  Zerg Missile Weapons Level 1  
  195  10:40  Hydralisk  
  195  10:41  Hydralisk x2  
  195  10:42  Zergling x4  
  197  10:45  Zergling x12, Zerg Ground Armor Level 3  
  197  10:47  Zergling x2  
  197  10:48  Zergling x2  
  190  10:51  Hydralisk x3  
  184  10:59  Extractor  
  184  11:00  Zergling x8  
  184  11:03  Spore Crawler  
  184  11:04  Baneling x13  
  186  11:07  Baneling x5  
  186  11:08  Baneling x2  
  186  11:09  Zergling x10  
  189  11:16  Zergling x2  
  189  11:17  Zergling x8  
  188  11:23  Zergling x2  
  179  11:26  Hydralisk  
  179  11:27  Hydralisk x3  
  179  11:30  Adaptive Talons  
  186  11:37  Zergling x26  
  199  11:44  Hatchery  
  198  11:49  Drone  
  198  11:52  Nydus Network  
  198  11:57  Drone  
  195  12:03  Zergling x12  
  186  12:09  Zergling x26  
  191  12:16  Hydralisk  
  191  12:17  Hydralisk  
  191  12:19  Zergling x8  
  194  12:23  Zergling x4  
  194  12:24  Zergling x6  
  199  12:37  Baneling x17  
  199  12:41  Zerg Melee Weapons Level 3  
  199  12:49  Unknown  
  198  12:51  Overlord x3  
  198  12:52  Overlord  
  198  12:53  Overlord  
  198  12:54  Overseer  
  198  12:55  Overlord  
  197  13:09  Overlord, Hatchery  
  195  13:15  Zergling x10  
  199  13:20  Zergling x2  
  199  13:21  Zerg Missile Weapons Level 2  
  197  13:27  Zergling x6  
  197  13:28  Hatchery  
  197  13:29  Zergling x2  
  195  13:35  Zergling x10  
  185  13:42  Zergling x28  
  185  13:43  Zergling x4  
  185  13:45  Burrow  
  197  13:56  Baneling x6  
  197  13:57  Zergling x6  
  187  14:19  Hydralisk  
  187  14:20  Hydralisk x7  
  187  14:21  Zergling x12  
  187  14:23  Zergling x12  
  199  14:25  Nydus Canal  
  179  14:33  Hydralisk x3  
  179  14:34  Zergling x10  
  179  14:36  Hydralisk x7  
  185  14:39  Zergling x10  
  185  14:42  Zergling x2  
  185  14:43  Zergling x4  
  192  14:50  Hydralisk x3  
  192  14:51  Hydralisk x3  
  196  14:55  Zergling x14  
  196  14:57  Lurker x8  
  200  15:01  Baneling x20  
  200  15:02  Zergling x8  
  190  15:08  Zergling x4  
  190  15:11  Zergling x6  
  183  15:17  Zergling x12  
  185  15:22  Hydralisk x2  
  185  15:24  Zergling x2  
  185  15:25  Zergling x12  
  187  15:28  Zergling x6  
  187  15:33  Zergling x2  
  187  15:34  Zergling x4  
  192  15:36  Overseer x2, Baneling x12  
  192  15:37  Zergling x2  
  192  15:38  Zergling x4  
  193  15:50  Zergling x12  
  179  16:01  Hydralisk x3  
  179  16:02  Zergling x14  
  179  16:03  Zergling x4  
  164  16:06  Hydralisk x5  
  164  16:07  Zergling x2  
  164  16:08  Zergling x18  
  175  16:12  Hydralisk x2  
  175  16:14  Hydralisk x4  
  177  16:20  Zergling x10  
  177  16:22  Baneling  
  177  16:23  Baneling x12  
  177  16:24  Zergling x2  
  177  16:25  Zergling x12, Overseer x3  
  188  16:26  Infestor  
  188  16:28  Infestor  
  188  16:30  Overlord x3, Hatchery  
  191  16:32  Lurker  
  191  16:33  Lurker  
  191  16:37  Infestor  
  193  16:40  Overlord x2  
  193  16:43  Baneling  
  193  16:44  Baneling x9  
  192  16:48  Nydus Canal  
  192  16:50  Zergling x2  
  192  16:51  Zergling x8  
  193  16:54  Zergling x10  
  189  17:03  Hydralisk  
  189  17:04  Hydralisk x3  
  192  17:11  Infestor  
  192  17:14  Zergling x14  
  199  17:16  Baneling x12  
  199  17:18  Hydralisk x6  
  199  17:28  Baneling x3  
  199  17:29  Baneling  
  199  17:33  Drone  
  199  17:39  Drone  
  199  17:40  Infestor  
  186  17:52  Zergling x36  
  186  17:53  Zergling x2  
  186  17:58  Overlord  
  182  17:59  Zergling x18  
  182  18:03  Baneling x10  
  190  18:09  Zergling x4  
  190  18:12  Overseer, Baneling x2  
Show
View Real Time Build Order
Export as new Build Order

Clem Terran 

Build Orders: Reaper Expand, Hellion Banshee 

Get SALT Encoding   

  12  0:00  SCV  
  13  0:12  SCV  
  14  0:17  Supply Depot  
  14  0:24  SCV  
  15  0:38  SCV  
  15  0:40  Barracks  
  16  0:43  Refinery  
  16  0:50  SCV  
  17  1:03  SCV  
  18  1:15  SCV  
  19  1:28  Orbital Command  
  19  1:31  Reaper  
  20  1:37  Command Center  
  20  1:45  Supply Depot  
  20  1:53  SCV  
  21  2:03  Marine  
  21  2:05  SCV  
  23  2:09  Factory  
  23  2:17  SCV  
  24  2:26  Barracks Reactor  
  24  2:29  SCV  
  25  2:36  Command Center  
  25  2:41  SCV  
  26  2:50  Orbital Command  
  26  2:53  SCV  
  27  2:59  Refinery  
  27  3:05  Hellion x2  
  31  3:09  SCV  
  32  3:13  Starport  
  32  3:16  SCV  
  33  3:21  SCV  
  33  3:26  Hellion  
  36  3:28  SCV  
  36  3:29  Hellion  
  36  3:32  Barracks Tech Lab  
  36  3:33  SCV  
  40  3:40  SCV  
  41  3:45  SCV  
  43  3:51  Orbital Command  
  43  3:53  Hellion  
  43  3:54  Hellion, SCV  
  43  3:55  Banshee  
  50  3:59  Cloaking Field  
  50  4:01  SCV  
  51  4:05  Supply Depot, Marine  
  51  4:06  SCV  
  53  4:13  SCV  
  53  4:16  SCV  
  54  4:18  SCV  
  54  4:26  Hellion, SCV  
  54  4:28  SCV  
  54  4:30  SCV  
  59  4:33  Hellion, Supply Depot  
  59  4:37  Barracks Tech Lab  
  59  4:38  SCV  
  59  4:40  Banshee, SCV  
  59  4:43  SCV  
  64  4:50  Barracks, SCV  
  65  4:53  SCV  
  65  4:55  SCV  
  65  4:56  Barracks  
  65  4:57  Supply Depot, Marine  
  65  4:59  Stimpack  
  68  5:02  SCV  
  68  5:03  Refinery  
  68  5:05  SCV  
  68  5:06  Factory Reactor  
  70  5:07  SCV  
  70  5:09  Refinery  
  70  5:12  Engineering Bay x2  
  71  5:14  Marine, SCV  
  71  5:20  Supply Depot  
  73  5:21  SCV x2  
  73  5:27  Supply Depot, SCV  
  76  5:29  Barracks  
  76  5:31  Barracks  
  76  5:32  Marine  
  76  5:34  Starport Reactor, SCV  
  78  5:39  Orbital Command, Terran Infantry Weapons Level 1, Terran Infantry Armor Level 1  
  78  5:41  Supply Depot  
  78  5:43  SCV  
  78  5:46  SCV  
  80  5:52  Marine x2  
  80  5:54  Marine  
  80  5:55  Siege Tank, SCV  
  87  5:59  SCV  
  87  6:01  Supply Depot  
  87  6:03  Marine  
  89  6:05  SCV  
  89  6:07  SCV  
  89  6:11  Marine, SCV  
  93  6:12  Medivac x2  
  93  6:15  Marine  
  93  6:16  Marine  
  93  6:17  SCV  
  93  6:18  Supply Depot, Refinery  
  101  6:19  SCV  
  101  6:20  Barracks Reactor x2, Marine  
  101  6:23  Supply Depot, SCV  
  103  6:28  Factory  
  103  6:29  Marine x2, SCV  
  103  6:31  SCV, Supply Depot  
  107  6:33  Marine  
  107  6:35  SCV  
  107  6:38  Siege Tank  
  109  6:40  Marine x2  
  109  6:41  SCV  
  109  6:43  SCV  
  109  6:44  Supply Depot  
  109  6:46  Combat Shield  
  113  6:47  Marine x2, SCV  
  113  6:51  Marine  
  118  6:58  Marine x2, Refinery  
  118  6:59  Command Center  
  119  7:01  Marine  
  119  7:03  Armory, Marine x2  
  119  7:04  Marine  
  119  7:05  Marine x2  
  125  7:10  Medivac  
  125  7:12  Factory Reactor  
  125  7:14  Widow Mine  
  125  7:15  Marine  
  130  7:16  Marine x2  
  130  7:17  Supply Depot  
  130  7:19  Marine, Supply Depot  
  130  7:21  Marine x3  
  136  7:23  Marine x2  
  138  7:32  Marine  
  138  7:34  Marine x2  
  136  7:37  Marine  
  136  7:38  Widow Mine  
  136  7:42  Medivac x2  
  136  7:43  Marine  
  132  7:47  Marine  
  132  7:48  Marine  
  132  7:49  Marine  
  132  7:51  Marine x2, Widow Mine x2  
  137  7:56  Marine  
  137  7:57  Marine  
  137  7:58  Marine  
  136  7:59  Terran Infantry Weapons Level 2, Widow Mine  
  136  8:02  Supply Depot, Drilling Claws  
  136  8:03  Marine  
  136  8:05  Marine  
  139  8:06  Marine  
  139  8:07  Marine  
  139  8:08  SCV  
  139  8:09  Marine x2  
  139  8:12  Medivac x2, Widow Mine x2  
  153  8:14  Marine x2  
  153  8:15  Marine  
  153  8:16  SCV  
  153  8:17  SCV  
  158  8:20  Concussive Shells  
  158  8:21  Marine  
  158  8:22  SCV  
  158  8:23  Marine  
  158  8:31  Barracks  
  158  8:32  Barracks  
  158  8:33  Barracks, Marine x2  
  158  8:34  Supply Depot  
  160  8:37  Widow Mine  
  160  8:38  Marine  
  160  8:40  Marine  
  164  8:42  Medivac  
  164  8:45  Medivac  
  164  8:47  Marine, Widow Mine  
  162  8:52  Marine x5  
  162  8:53  Widow Mine  
  162  8:54  Marine  
  161  9:00  Widow Mine, Marine x2  
  165  9:05  Planetary Fortress, Marine  
  165  9:06  Command Center  
  165  9:07  SCV x2  
  165  9:08  SCV  
  169  9:15  Widow Mine  
  171  9:19  SCV x2  
  171  9:20  Marine, Widow Mine, SCV  
  171  9:21  Barracks Tech Lab, Sensor Tower, Supply Depot  
  171  9:24  Terran Infantry Armor Level 2  
  177  9:25  Marine  
  177  9:26  Marine  
  177  9:30  Widow Mine  
  180  9:31  SCV  
  180  9:32  Marine x2  
  180  9:35  Marine x2  
  180  9:36  Widow Mine, Marine x2  
  183  9:38  Medivac  
  183  9:39  Marine  
  183  9:41  Widow Mine, Marauder  
  183  9:42  Marauder  
  192  9:48  Marine  
  192  9:51  Medivac  
  192  9:52  Widow Mine  
  185  9:56  Marine x3  
  185  9:57  Widow Mine  
  190  10:00  Refinery  
  190  10:01  Refinery  
  190  10:02  Marauder, Marine  
  190  10:04  Widow Mine, Marine x3, Marauder  
  200  10:07  Sensor Tower  
  200  10:08  Unknown  
  200  10:10  Barracks Tech Lab x2  
  200  10:13  Ghost Academy  
  200  10:19  Medivac  
  200  10:20  Marine  
  200  10:21  Marine  
  191  10:25  Marauder x2  
  192  10:31  Widow Mine  
  192  10:32  Marine x2, Marauder x2  
  192  10:33  Medivac  
  188  10:38  Widow Mine, Marine  
  188  10:40  SCV  
  191  10:45  Ghost  
  191  10:46  Ghost  
  191  10:47  Marine x2  
  191  10:49  Marine, Widow Mine, Medivac  
  183  10:57  Command Center  
  183  10:58  Command Center  
  183  10:59  Widow Mine  
  183  11:02  Ghost x2  
  188  11:08  Marine, Widow Mine  
  188  11:09  Marine  
  192  11:14  Ghost x2  
  192  11:17  Missile Turret  
  196  11:19  Widow Mine  
  196  11:25  Marine x2, Widow Mine  
  192  11:26  Marine x4  
  192  11:27  Planetary Fortress, Marine  
  192  11:31  SCV  
  192  11:32  SCV, Marine  
  200  11:42  Terran Infantry Armor Level 3, Starport, Terran Infantry Weapons Level 3, Fusion Core  
  200  11:49  Missile Turret  
  200  11:56  Terran Vehicle And Ship Armor Level 1  
  200  12:00  Sensor Tower  
  199  12:01  Missile Turret  
  199  12:06  Widow Mine  
  199  12:07  Ghost, Marine  
  195  12:09  Ghost  
  195  12:11  Marine  
  195  12:13  Medivac  
  191  12:17  Widow Mine  
  191  12:18  Ghost  
  191  12:19  Starport Reactor  
  191  12:20  Orbital Command x2  
  188  12:29  Widow Mine  
  187  12:30  Command Center, Marine x2  
  187  12:33  Marauder  
  187  12:35  Liberator  
  194  12:38  Widow Mine  
  194  12:41  Widow Mine  
  198  12:44  Marine  
  198  12:46  Missile Turret  
  198  12:47  Liberator  
  197  13:00  Liberator  
  197  13:02  Orbital Command  
  200  13:11  Command Center  
  198  13:13  Command Center, Ghost  
  198  13:14  Ghost  
  198  13:17  Advanced Ballistics  
  198  13:20  SCV  
  198  13:21  Marine x2, Widow Mine, Starport  
  198  13:22  Ghost  
  198  13:23  Missile Turret  
  198  13:26  Orbital Command  
  200  13:39  SCV  
  200  13:40  SCV  
  197  13:43  SCV  
  197  13:47  Missile Turret  
  197  13:48  Command Center  
  198  13:54  Widow Mine  
  200  14:00  Orbital Command  
  200  14:01  Sensor Tower, Missile Turret  
  191  14:20  Personal Cloaking  
  191  14:21  Widow Mine  
  177  14:24  Widow Mine, Marine x4  
  177  14:27  Widow Mine  
  177  14:29  Caduceus Reactor  
  163  14:35  Ghost  
  163  14:36  Marine x4  
  163  14:37  Liberator  
  163  14:38  Liberator x3, Ghost x2, Marine  
  178  14:42  Marine x4  
  178  14:43  Widow Mine  
  178  14:44  SCV  
  192  14:45  Widow Mine  
  192  14:49  Widow Mine  
  182  14:54  Marine x2  
  182  14:56  Ghost  
  182  14:58  Orbital Command  
  186  15:00  Sensor Tower, Marine  
  186  15:01  Unknown  
  186  15:03  SCV  
  186  15:04  SCV, Widow Mine  
  186  15:05  SCV  
  189  15:10  Orbital Command  
  185  15:15  Widow Mine, Marine x2, SCV  
  185  15:17  Marine  
  185  15:20  Ghost  
  181  15:22  SCV, Marine x2  
  181  15:30  Marine, Medivac  
  181  15:31  Widow Mine, Marine  
  181  15:33  Sensor Tower, Missile Turret  
  188  15:47  Marine  
  188  15:48  Widow Mine  
  181  15:50  SCV  
  181  15:51  SCV  
  181  15:52  Medivac  
  181  15:55  Widow Mine  
  173  15:57  SCV  
  173  15:58  Liberator  
  147  16:04  Medivac  
  147  16:10  Orbital Command  
  147  16:11  Ghost  
  122  16:12  Ghost  
  122  16:13  Ghost  
  122  16:18  Marine  
  122  16:24  Marine  
  124  16:26  SCV  
  124  16:28  SCV  
  124  16:32  SCV  
  127  16:35  SCV  
  127  16:38  SCV  
  129  16:45  Orbital Command, SCV  
  130  16:48  SCV x2  
  130  16:49  SCV  
  130  16:54  Marine x2  
  133  17:00  SCV  
  133  17:01  SCV  
  133  17:03  SCV  
  133  17:08  SCV  
  131  17:09  SCV  
  131  17:12  SCV  
  131  17:13  SCV  
  132  17:20  SCV x2  
  132  17:21  Liberator  
  136  17:24  Widow Mine x2  
  136  17:25  Widow Mine  
  136  17:29  SCV  
  143  17:31  SCV  
  143  17:34  SCV  
  145  17:38  Liberator  
  146  17:45  Widow Mine x2, Marine, SCV  
  146  17:50  Orbital Command, Ghost  
  141  17:54  Widow Mine, Marine  
  123  18:03  Marine  
  123  18:04  Marine x2  
  129  18:06  Widow Mine  
  129  18:07  Widow Mine  
  129  18:08  SCV x2  

Tags
 
Add a new tag
Caveats
  • Supply blocks, unpowered buildings, or Contaminate may cause inaccurate times.
  • Supply counts are checked every 10 seconds.